 Dungeon Crawl Stone Soup version 0.25.0-11-g1f837a76a1 (webtiles) character file.

Game seed: 8997138509397320366

438 grindst0ne the Vexing (level 6, -2/27 HPs)
             Began as a Felid Enchanter on June 25, 2020.
             Was an Initiate of Ashenzari.
             Killed from afar by an orc wizard (8 damage)
             ... with a puff of flame
             ... on level 5 of the Dungeon.
             The game lasted 00:14:36 (7102 turns).

grindst0ne the Vexing (Felid Enchanter)             Turns: 7102, Time: 00:14:37

Health: -2/27      AC:  2    Str:  4    XL:     6   Next: 69%
Magic:  5/11       EV: 20    Int: 19    God:    Ashenzari [......]
Gold:   190        SH:  0    Dex: 16    Spells: 2/11 levels left
                                        Lives:  0   Deaths: 1

rFire    . . .     SeeInvis +     - Unarmed
rCold    . . .     Gourm    .   (shield unavailable)
rNeg     . . .     Faith    .   (armour unavailable)
rPois    .         Spirit   .   (helmet unavailable)
rElec    .         Reflect  .   (cloak unavailable)
rCorr    .         Harm     .   (gloves unavailable)
MR       +....                  (boots unavailable)
Stlth    ++++......             (no amulet)
HPRegen  0.09/turn              n - ring of protection from magic
MPRegen  0.12/turn              (no ring)

@: quick
A: very small, no armour, no weapons or thrown items, stealth, claws 1, fangs 3,
see invisible, carnivore, speed 1, shaggy fur 2, slow metabolism 1, sharp paws
a: Curse Item, Renounce Religion


You were on level 5 of the Dungeon.
You worshipped Ashenzari.
Ashenzari was noncommittal.
You were full.

You visited 2 branches of the dungeon, and saw 6 of its levels.

You collected 190 gold pieces.

Inventory:

Jewellery
 n - a ring of protection from magic (left paw)
Wands
 e - a wand of acid (8)
 p - a wand of paralysis (7)
Scrolls
 f - a scroll of fog {unknown}
 g - a scroll of blinking
 i - a scroll of noise {unknown}
 j - a scroll of immolation {unknown}
 k - a scroll of amnesia {unknown}
 l - 2 scrolls of remove curse
 q - a scroll of magic mapping {unknown}
 r - a scroll of enchant armour {unknown}
Potions
 a - a potion of berserk rage {unknown}
 c - a potion of cancellation {unknown}
 d - a potion of heal wounds
 h - a potion of curing
 m - a potion of mutation {unknown}
 o - a potion of ambrosia {unknown}
Comestibles
 b - 10 rations


   Skills:
 + Level 2.4 Fighting
 + Level 5.1 Dodging
 + Level 6.1 Stealth
 + Level 3.2 Unarmed Combat
 - Level 3.1 Spellcasting
 + Level 6.4 Hexes
 - Level 1.0 Ice Magic
 + Level 1.6 Evocations


You had 2 spell levels left.
You knew the following spells:

 Your Spells              Type           Power        Failure   Level  Hunger
a - Corona                Hex            ####...      1%          1    None
b - Ensorcelled Hibernat  Hex/Ice        ###...       4%          2    ##.....
c - Confusing Touch       Hex            ####....     3%          3    ###....
d - Dazzling Flash        Conj/Hex       ###...       12%         3    ###....

Your spell library contained the following spells:

 Spells                   Type           Power        Failure   Level  Hunger
 Tukima's Dance           Hex            ####....     3%          3    ###....


Dungeon Overview and Level Annotations

Branches:
Dungeon (5/15)             Temple (1/1) D:4

Altars:
Ashenzari
Cheibriados
Hepliaklqana
Nemelex Xobeh
Trog
Uskayaw
Wu Jian
Xom
The Shining One

Annotations:
D:4 exclusion: 2 downstairs


Innate Abilities, Weirdness & Mutations

You cannot wear armour.
You are incapable of wielding weapons or throwing items.
Your paws allow you to move quietly. (Stealth)
You have sharp claws.
You have razor-sharp teeth.
You have supernaturally acute eyesight. (SInv)
You are carnivorous and can eat meat at any time.
You cover ground quickly.
You are covered in thick fur. (AC +2)
You have a slow metabolism.
Your sharp claws are effective at attacking unaware monsters.


Message History

18 gold pieces; a scroll labeled YPEUXKITHO; a +0 spear; a gnoll corpse The orc wizard shouts!
You hear a shout! x2
The orc completely misses you.
Casting: Ensorcelled Hibernation (safe; 4% risk of failure)
Confirm with . or Enter, or press ? or * to list all spells.
Aiming: Ensorcelled Hibernation (safe; 4% risk of failure)
Press: ? - help, Shift-Dir - straight line, f - orc
Aim: an orc, wielding a +0 dagger of venom (chance to defeat MR: 65%)
The orc looks drowsy...
The helpless orc fails to defend itself.
You mangle the orc!!
You kill the orc!
The orc wizard gestures at you while chanting.
The puff of flame hits you! The orc wizard casts a spell at you.
The puff of frost hits you.
* * * LOW HITPOINT WARNING * * *
The orc wizard gestures at you while chanting.
The puff of flame hits you!
You die...

#..#..>############....####
#..o#.#.## ####........#
#.#.#.#..## #............
..#...##..# #............
..##..####.# #............ #>#
#.. #.# ####............ #...
#.####..o............ #..#
##..##................
#..####....@..o........)....
..........$#####............
o..........⌠......###.......[....
...o...###.........####..........
.......###...<.⌠.#.####..........
.........#....).[#...............
...5.......⌠.....................
.......#..............##.......o.
.......##..#..................o.<


You could see 2 orc wizards.

Vanquished Creatures
  A phantom (D:4)
  Blork the orc (D:4)
  A scorpion (D:5)
  A bullfrog zombie (D:5)
  An orc priest (D:5)
  A centaur skeleton (D:4)
  A jelly (D:5)
  An orc wizard (D:5)
  An iguana (D:4)
  Natasha (thrice) (D:2)
  A gnoll (D:5)
  8 adders
  2 oozes
  3 worms
  4 dart slugs
  6 leopard geckos
  5 orcs
  3 ball pythons
  4 giant cockroaches
  8 goblins
  7 hobgoblins
  6 jackals
  A quokka (D:5)
  14 bats
  4 frilled lizards
  6 kobolds
  A quokka zombie (D:5)
  9 rats
104 creatures vanquished.

Notes
Turn   | Place    | Note
-------+----------+-------------------------------------------
     0 | D:1      | grindst0ne the Felid Enchanter began the quest for the Orb.
     0 | D:1      | Reached XP level 1. HP: 7/7 MP: 4/4
   145 | D:1      | Reached XP level 2. HP: 8/11 MP: 6/6
   489 | D:1      | Learned a level 2 spell: Ensorcelled Hibernation
  1378 | D:1      | Reached XP level 3. HP: 14/14 MP: 7/7
  2400 | D:2      | Noticed Natasha
  2407 | D:2      | Killed Natasha
  2407 | D:2      | Reached skill level 5 in Hexes
  2407 | D:2      | Reached skill level 1 in Ice Magic
  2407 | D:2      | Reached XP level 4. HP: 3/18 MP: 1/8
  2736 | D:2      | Noticed Natasha
  2840 | D:2      | Killed Natasha
  2848 | D:2      | Noticed Natasha
  2917 | D:2      | Killed Natasha
  2917 | D:2      | Reached skill level 5 in Stealth
  2917 | D:2      | Reached XP level 5. HP: 21/21 MP: 5/9
  3596 | D:3      | Found a shattered altar of Ashenzari.
  3686 | D:3      | You fall into a shaft and drop 1 floor!
  4523 | D:3      | Learned a level 3 spell: Confusing Touch
  4602 | D:3      | Reached skill level 1 in Fighting
  4615 | D:3      | Learned a level 3 spell: Dazzling Flash
  4911 | D:4      | Noticed Blork the orc
  4936 | D:4      | Killed Blork the orc
  4936 | D:4      | Gained mutation: You are covered in thick fur. (AC +2)
                  | [Felid growth]
  4936 | D:4      | Reached XP level 6. HP: 8/25 MP: 1/11
  5564 | D:4      | Found an ornate altar of the Wu Jian Council.
  5568 | D:4      | Found a sparkling altar of Nemelex Xobeh.
  5620 | D:4      | Found a staircase to the Ecumenical Temple.
  5629 | Temple   | Entered the Ecumenical Temple
  5806 | D:3      | Became a worshipper of Ashenzari the Shackled
  5864 | D:5      | Entered Level 5 of the Dungeon
  6756 | D:4      | Slain by a phantom
  6757 | D:4      | Reached XP level 5. HP: 0/22 MP: 8/10
  6780 | D:4      | Killed a phantom
  6780 | D:4      | Reached skill level 5 in Dodging
  6780 | D:4      | Reached skill level 1 in Evocations
  6780 | D:4      | Reached XP level 6. HP: 26/26 MP: 7/11
  6841 | D:5      | Noticed an ice beast
  7102 | D:5      | Killed from afar by an orc wizard

Illustrated notes

Levels and vault maps discovered:
D:1:      roderic_octagonal_star, layout_basic, minmay_misc_feat_ornament,
          minmay_pentomino_x4
D:2:      layout_basic, first_ration, fountainhead, uniq_natasha
D:3:      layout_loops_corners, lemuel_doored_altar, kennysheep_generic_room_11
D:4:      layout_loops_ring, overflow_temple_1_default,
          minmay_temple_entry_glass, nemelex_xobeh_ov_fountains_minmay,
          uniq_blork_the_orc
D:5:      lemuel_castle_with_subvaults [lemuel_castle_interior_carwin_3],
          layout_rooms, kennysheep_mini_moat, grunt_ministairs_1
Temple:   cyrus_temple_forest

Skill      XL: |  1  2  3  4  5  6 |
---------------+-------------------+-----
Dodging        | 3 5 |  5.1
Hexes          | 5 6 |  6.4
Ice Magic      | 1 |  1.0
Unarmed Combat | 2 3 |  3.2
Stealth        | 5 6 |  6.1
Fighting       | 1 2 |  2.4
Spellcasting   | 3 |  3.1
Evocations     | 1 |  1.6

Action                   |  1- 3 |  4- 6 || total
-------------------------+-------+-------++-------
Melee: Unarmed           |   117 |   159 ||   276
       Bite              |     8 |    10 ||    18
 Cast: Corona            |    19 |     2 ||    21
       Ensorcelled Hiber |    15 |    65 ||    80
       Confusing Touch   |       |     4 ||     4
Evoke: Wand              |       |     1 ||     1
  Use: Scroll            |       |     3 ||     3
       Potion            |       |     2 ||     2
 Stab: Sleeping          |    13 |    51 ||    64
       Confused          |       |     5 ||     5
  Eat: Chunk             |    11 |    13 ||    24
Armor: Skin              |    12 |    11 ||    23
Dodge: Dodged            |   107 |   148 ||   255
